Map: King Sejong Station LE

Players

Neeblet (Neeb) - Winner!

  • Race: Protoss Protoss

Zest

  • Race: Protoss Protoss

Event: 2016 WCS Global Finals

VOD

https://youtu.be/xLG4CcMnpsw

Description

Time

  • Played on: Oct. 29, 2016, 12:22 p.m.
  • Length: 19:47

All games in this series

Show
View Real Time Build Order
Export as new Build Order

Neeblet Protoss - Winner!

Build Orders: Blink Stalkers 

Get SALT Encoding   

  12  0:00  Probe (Chrono Boost)  
  13  0:11  Probe (Chrono Boost)  
  14  0:18  Pylon  
  14  0:22  Probe (Chrono Boost)  
  15  0:36  Probe (Chrono Boost)  
  15  0:37  Gateway  
  16  0:43  Assimilator  
  16  0:47  Probe (Chrono Boost)  
  17  0:52  Assimilator  
  17  0:57  Probe (Chrono Boost)  
  18  1:05  Gateway  
  18  1:08  Probe (Chrono Boost)  
  19  1:18  Probe (Chrono Boost)  
  19  1:24  Cybernetics Core  
  20  1:29  Probe (Chrono Boost)  
  21  1:32  Pylon  
  22  1:40  Probe (Chrono Boost)  
  22  1:49  Warp Gate  
  22  1:50  Probe (Chrono Boost)  
  23  2:00  Stalker x2  
  27  2:03  Probe (Chrono Boost)  
  28  2:14  Mothership Core (Chrono Boost)  
  30  2:16  Pylon  
  30  2:34  Stalker x2  
  34  3:01  Nexus  
  34  3:02  Probe (Chrono Boost)  
  35  3:14  Probe (Chrono Boost)  
  38  3:22  Twilight Council  
  38  3:27  Probe (Chrono Boost)  
  39  3:31  Pylon  
  37  3:38  Probe (Chrono Boost)  
  38  3:42  Blink  
  38  3:48  Robotics Facility  
  38  3:49  Probe (Chrono Boost)  
  38  3:51  Sentry  
  41  4:01  Probe (Chrono Boost)  
  42  4:09  Stalker  
  44  4:13  Probe x2 (Chrono Boost)  
  46  4:20  Stalker  
  49  4:24  Probe (Chrono Boost)  
  49  4:25  Probe (Chrono Boost)  
  49  4:28  Pylon  
  50  4:33  Observer  
  50  4:34  Stalker  
  50  4:36  Probe (Chrono Boost)  
  50  4:37  Probe (Chrono Boost)  
  55  4:44  Assimilator  
  55  4:48  Probe (Chrono Boost)  
  55  4:49  Probe (Chrono Boost)  
  55  4:50  Assimilator  
  55  4:52  Stalker  
  59  4:53  Observer  
  62  5:01  Probe x2 (Chrono Boost)  
  62  5:03  Gateway  
  62  5:09  Stalker  
  62  5:13  Probe x2 (Chrono Boost)  
  66  5:25  Probe x2 (Chrono Boost)  
  66  5:26  Pylon  
  69  5:37  Probe (Chrono Boost)  
  69  5:38  Probe (Chrono Boost)  
  69  5:39  Immortal  
  69  5:42  Gateway  
  69  5:44  Gateway  
  69  5:46  Gateway  
  69  5:49  Sentry x2  
  77  5:55  Gateway  
  77  5:58  Pylon  
  77  6:11  Nexus  
  77  6:15  Probe (Chrono Boost)  
  77  6:17  Pylon  
  77  6:18  Observer, Probe (Chrono Boost)  
  80  6:29  Probe (Chrono Boost)  
  80  6:31  Robotics Bay, Probe (Chrono Boost)  
  82  6:34  Pylon  
  82  6:38  Stalker  
  82  6:39  Stalker  
  86  6:43  Probe (Chrono Boost)  
  86  6:46  Probe (Chrono Boost)  
  88  6:47  Forge  
  88  6:50  Immortal  
  88  6:59  Probe x2 (Chrono Boost)  
  94  7:08  Protoss Ground Weapons Level 1  
  94  7:09  Stalker  
  94  7:10  Assimilator  
  94  7:11  Probe x2 (Chrono Boost)  
  94  7:15  Assimilator  
  98  7:20  Pylon  
  100  7:23  Probe x2 (Chrono Boost)  
  100  7:24  Disruptor  
  100  7:25  Probe (Chrono Boost)  
  104  7:35  Probe (Chrono Boost)  
  104  7:36  Probe x2 (Chrono Boost)  
  107  7:38  Robotics Facility  
  107  7:47  Probe x2 (Chrono Boost)  
  107  7:48  Probe (Chrono Boost)  
  107  7:50  Stalker x2  
  114  7:55  Disruptor  
  114  7:57  Probe (Chrono Boost)  
  116  7:59  Probe (Chrono Boost)  
  116  8:01  Pylon  
  116  8:03  Photon Cannon  
  116  8:04  Pylon  
  119  8:10  Photon Cannon  
  119  8:11  Probe (Chrono Boost)  
  119  8:12  Probe (Chrono Boost)  
  122  8:13  Probe (Chrono Boost)  
  122  8:17  Stargate  
  122  8:22  Pylon  
  122  8:23  Disruptor  
  122  8:26  Disruptor  
  122  8:34  Stalker x3  
  134  8:42  Nexus  
  134  8:48  Pylon  
  134  8:54  Disruptor  
  134  8:57  Disruptor  
  134  8:59  Pylon  
  134  9:00  Pylon, Oracle  
  143  9:15  Stalker x4  
  143  9:16  Stalker  
  150  9:20  Photon Cannon  
  153  9:24  Probe x3 (Chrono Boost)  
  153  9:25  Assimilator  
  153  9:28  Assimilator  
  153  9:34  Disruptor x2  
  153  9:36  Protoss Ground Weapons Level 2  
  159  9:55  Gateway  
  159  9:58  Gateway x2  
  159  9:59  Photon Cannon  
  159  10:05  Disruptor x2  
  162  10:25  Stalker x4  
  162  10:26  Stalker x2  
  174  10:36  Charge  
  174  10:39  Disruptor  
  177  10:43  Oracle  
  180  10:58  Disruptor  
  177  11:14  Disruptor  
  135  11:29  Disruptor, Oracle  
  135  11:32  Stalker x3  
  112  11:33  Stalker x5  
  112  11:34  Stalker x2  
  122  11:50  Disruptor  
  125  11:57  Stalker x6  
  125  11:58  Stalker x3  
  125  12:00  Disruptor  
  143  12:17  Stalker  
  143  12:22  Stalker x2  
  149  12:23  Pylon, Stalker x4  
  149  12:25  Pylon  
  149  12:26  Disruptor  
  160  12:31  Disruptor  
  147  12:51  Stalker x6  
  147  12:52  Stalker x3  
  159  13:01  Disruptor  
  159  13:02  Disruptor  
  157  13:10  Photon Cannon, Pylon  
  157  13:12  Photon Cannon, Stalker  
  162  13:24  Zealot x4  
  162  13:25  Stalker x3  
  168  13:50  Nexus  
  168  13:51  Zealot x3, Stalker x3  
  180  14:06  Disruptor  
  164  14:10  Disruptor  
  130  14:37  Stalker x7, Disruptor  
  130  14:38  Stalker x2  
  136  14:46  Disruptor  
  136  14:52  Protoss Ground Weapons Level 3  
  136  15:00  Probe x3 (Chrono Boost)  
  136  15:01  Pylon, Oracle  
  139  15:08  Stalker, Sentry x2  
  139  15:09  Stalker x2  
  149  15:15  Disruptor  
  149  15:17  Assimilator  
  149  15:19  Assimilator  
  152  15:27  Disruptor  
  152  15:46  Disruptor  
  155  15:59  Stargate  
  155  16:00  Fleet Beacon  
  155  16:01  Stargate  
  155  16:03  Disruptor  
  158  16:05  Photon Cannon, Pylon  
  158  16:06  Photon Cannon  
  158  16:24  Zealot x2  
  158  16:25  Zealot x7  
  174  16:34  Oracle  
  172  16:51  Zealot x10  
  192  16:57  Tempest x2  
  185  17:18  Nexus  
  185  17:19  Tempest  
  185  17:24  Nexus  
  171  17:40  Tempest x2  
  175  17:46  Pylon  
  163  18:02  Zealot x2, Tempest  
  163  18:03  Zealot x8  
  156  18:23  Tempest x2  
  150  18:27  Stalker  
  150  18:28  Stalker x6  
  150  18:29  Stalker x3  
  160  18:45  Tempest  
  160  19:05  Disruptor  
  160  19:09  Disruptor  
  168  19:12  Probe (Chrono Boost)  
  168  19:13  Probe (Chrono Boost)  
  168  19:15  Assimilator  
  176  19:19  Assimilator  
  173  19:30  Stalker x6  
  173  19:31  Stalker x2  
Show
View Real Time Build Order
Export as new Build Order

Zest Protoss 

Build Orders:  

Get SALT Encoding   

  12  0:01  Probe (Chrono Boost)  
  13  0:11  Probe (Chrono Boost)  
  14  0:17  Pylon  
  14  0:22  Probe (Chrono Boost)  
  16  0:35  Gateway, Probe (Chrono Boost)  
  16  0:41  Assimilator  
  16  0:46  Probe (Chrono Boost)  
  17  0:56  Probe (Chrono Boost)  
  18  0:57  Assimilator  
  18  1:03  Gateway  
  18  1:07  Probe (Chrono Boost)  
  19  1:17  Probe (Chrono Boost)  
  20  1:22  Cybernetics Core  
  20  1:28  Probe (Chrono Boost)  
  20  1:30  Pylon  
  21  1:38  Probe (Chrono Boost)  
  22  1:49  Probe (Chrono Boost)  
  22  1:50  Warp Gate  
  23  1:58  Adept x2  
  27  2:04  Mothership Core (Chrono Boost)  
  27  2:08  Pylon  
  29  2:25  Stalker  
  29  2:26  Stalker  
  33  2:52  Nexus  
  33  2:54  Probe (Chrono Boost)  
  36  2:58  Sentry  
  36  3:05  Probe (Chrono Boost)  
  37  3:14  Robotics Facility  
  37  3:16  Probe (Chrono Boost)  
  38  3:23  Pylon  
  38  3:28  Probe (Chrono Boost)  
  39  3:36  Twilight Council  
  39  3:41  Probe (Chrono Boost)  
  40  3:51  Probe (Chrono Boost)  
  41  3:57  Stalker x2  
  41  4:00  Blink  
  41  4:02  Probe (Chrono Boost)  
  46  4:04  Probe (Chrono Boost)  
  46  4:05  Observer  
  46  4:09  Phoenix  
  48  4:14  Probe (Chrono Boost)  
  48  4:15  Probe (Chrono Boost)  
  50  4:25  Pylon, Probe (Chrono Boost)  
  50  4:26  Probe (Chrono Boost)  
  50  4:29  Observer  
  53  4:36  Stalker, Probe (Chrono Boost)  
  53  4:38  Probe (Chrono Boost)  
  57  4:41  Stalker  
  59  4:46  Probe (Chrono Boost)  
  59  4:50  Probe (Chrono Boost)  
  61  4:55  Assimilator  
  61  4:59  Assimilator, Probe (Chrono Boost)  
  62  5:02  Pylon, Probe (Chrono Boost)  
  62  5:05  Stalker x2  
  67  5:11  Probe (Chrono Boost)  
  69  5:14  Probe (Chrono Boost)  
  69  5:21  Gateway  
  69  5:22  Gateway  
  69  5:25  Probe (Chrono Boost)  
  69  5:26  Probe (Chrono Boost)  
  71  5:29  Stalker  
  71  5:32  Stalker  
  75  5:40  Pylon  
  75  5:45  Pylon  
  75  5:51  Forge, Robotics Bay  
  75  5:54  Stalker  
  77  6:00  Stalker  
  79  6:09  Immortal  
  79  6:12  Probe (Chrono Boost)  
  79  6:13  Probe (Chrono Boost)  
  85  6:19  Sentry x2  
  85  6:23  Pylon  
  89  6:29  Nexus, Protoss Ground Weapons Level 1  
  89  6:42  Pylon  
  89  6:43  Disruptor  
  91  6:48  Probe x2 (Chrono Boost)  
  96  7:02  Probe x2 (Chrono Boost)  
  96  7:06  Pylon  
  96  7:14  Gateway x2, Probe x2 (Chrono Boost)  
  98  7:20  Warp Prism  
  101  7:26  Probe x2 (Chrono Boost)  
  101  7:28  Assimilator  
  102  7:30  Gravitic Drive  
  102  7:32  Assimilator, Dark Shrine  
  104  7:38  Probe x2 (Chrono Boost)  
  104  7:40  Stalker x3  
  104  7:43  Stalker  
  112  7:47  Probe (Chrono Boost)  
  112  7:50  Probe (Chrono Boost)  
  114  7:58  Disruptor  
  115  8:14  Probe (Chrono Boost)  
  115  8:16  Stalker x5, Probe x2 (Chrono Boost)  
  128  8:28  Pylon  
  128  8:30  Photon Cannon  
  128  8:31  Photon Cannon  
  128  8:33  Photon Cannon  
  128  8:34  Pylon  
  128  8:39  Disruptor  
  128  8:56  Dark Templar x4  
  128  9:00  Nexus  
  136  9:12  Disruptor  
  134  9:22  Stargate  
  129  9:24  Stalker x2  
  133  9:39  Protoss Ground Weapons Level 2  
  133  9:45  Stalker x4  
  135  9:47  Disruptor  
  144  9:54  Robotics Facility  
  144  9:55  Stalker x2  
  144  9:57  Observer Gravitic Boosters  
  148  10:02  Pylon  
  148  10:03  Assimilator, Probe (Chrono Boost)  
  149  10:07  Assimilator  
  149  10:13  Probe (Chrono Boost)  
  148  10:19  Stalker x3  
  154  10:25  Probe x2 (Chrono Boost)  
  154  10:26  Probe x2 (Chrono Boost)  
  158  10:30  Disruptor  
  159  10:39  Stalker x3  
  165  10:47  Disruptor  
  168  10:54  Stalker x2  
  166  11:06  Colossus  
  144  11:20  Stalker x6  
  130  11:29  Disruptor  
  133  11:40  Probe x2 (Chrono Boost)  
  133  11:42  Probe (Chrono Boost)  
  133  11:43  Stalker x2  
  133  11:44  Stalker x4  
  146  11:51  Assimilator  
  146  12:07  Disruptor  
  146  12:12  Disruptor  
  152  12:16  Pylon  
  152  12:19  Stargate  
  152  12:20  Stargate  
  152  12:24  Photon Cannon  
  152  12:26  Photon Cannon  
  152  12:28  Photon Cannon  
  152  12:41  Nexus  
  152  12:43  Stalker x5  
  157  12:49  Disruptor  
  142  12:53  Disruptor  
  119  13:20  Disruptor  
  119  13:28  Fleet Beacon  
  119  13:29  Stalker x6, Disruptor  
  119  13:33  Photon Cannon  
  134  13:35  Photon Cannon  
  134  13:38  Photon Cannon  
  130  13:49  Assimilator, Oracle  
  130  13:51  Disruptor  
  130  13:53  Assimilator  
  131  14:05  Disruptor  
  127  14:12  Stalker  
  127  14:13  Stalker x5  
  119  14:25  Disruptor  
  117  14:37  Stalker  
  117  14:38  Zealot x5  
  103  14:40  Disruptor  
  106  15:00  Disruptor  
  106  15:04  Probe x3 (Chrono Boost)  
  106  15:05  Probe (Chrono Boost)  
  113  15:11  Stalker x3  
  113  15:12  Zealot, Stalker x2  
  125  15:16  Probe x2 (Chrono Boost)  
  125  15:17  Observer, Probe (Chrono Boost)  
  123  15:41  Stalker  
  123  15:42  Stalker x4  
  130  15:47  Disruptor  
  124  15:51  Disruptor  
  124  15:55  Tempest  
  134  16:10  Stalker  
  134  16:11  Stalker x5  
  144  16:13  Photon Cannon  
  132  16:20  Disruptor  
  132  16:35  Stalker x5  
  139  16:45  Tempest  
  140  16:56  Probe x4 (Chrono Boost)  
  140  17:00  Adept x6  
  142  17:18  Disruptor  
  142  17:21  Adept x5  
  142  17:22  Disruptor  
  149  17:41  Stalker x2  
  149  17:42  Stalker x4  
  138  18:04  Probe (Chrono Boost)  
  138  18:05  Probe x3 (Chrono Boost)  
  128  18:15  Tempest x2  
  128  18:17  Probe (Chrono Boost)  
  112  18:20  Adept x5  
  121  18:30  Immortal  
  121  18:32  Probe x2 (Chrono Boost)  
  123  18:35  Immortal  
  129  18:49  Stalker x4  
  129  19:01  Stalker x2  
  127  19:13  Stalker  
  127  19:14  Stalker x3  
  123  19:25  Stalker  
  123  19:26  Stalker  
  119  19:37  Stalker x3  
  119  19:38  Stalker  
Tags
 
Add a new tag
Caveats
  • Supply blocks, unpowered buildings, or Contaminate may cause inaccurate times.
  • Supply counts are checked every 10 seconds.